 Dungeon Crawl Stone Soup version 0.30.1 (webtiles) character file.

Game seed: 8942540837398644318

19 Heoruswealwe the Conjurer (level 2, -3/15 HPs)
             Began as a Deep Elf Conjurer on July 8, 2023.
             Killed from afar by Sigmund (11 damage)
             ... with a puff of flame
             ... on level 2 of the Dungeon.
             The game lasted 00:07:38 (727 turns).

Heoruswealwe the Conjurer (Deep Elf Conjurer)        Turns: 727, Time: 00:07:38

Health: -3/15      AC:  2    Str:  4    XL:     2   Next: 55%
Magic:  3/8        EV: 12    Int: 22    God:
Gold:   31         SH:  0    Dex: 13    Spells: 4/8 levels left

rFire   . . .        (no weapon)
rCold   . . .        (no shield)
rNeg    . . .        c - +0 robe
rPois   .            (no helmet)
rElec   .            (no cloak)
rCorr   .            (no gloves)
SInv    .            (no boots)
Will    .....        (no amulet)
Stlth   ++           (no ring)
HPRegen 0.22/turn    (no ring)
MPRegen 0.11/turn

%: no passive effects
@: no status effects
A: no striking features
a: no special abilities


You were on level 2 of the Dungeon.
You visited 1 branch of the dungeon, and saw 2 of its levels.

You collected 31 gold pieces.

Inventory:

Armour
 c - a +0 robe (worn)
Scrolls
 a - 3 scrolls of fear
 f - a scroll of noise {unknown}
 h - a scroll of enchant armour {unknown}
Potions
 b - a potion of magic
 d - a potion of brilliance {unknown}
 g - a potion of haste {unknown}


   Skills:
 - Level 2.4 Dodging
 - Level 2.4 Stealth
 + Level 3.8 Spellcasting
 + Level 4.8 Conjurations


You had 4 spell levels left.
You knew the following spells:

 Your Spells              Type           Power      Damage    Failure   Level
a - Magic Dart            Conj           100%       1d8       1%          1
b - Shock                 Conj/Air       56%        1d6       4%          1
c - Searing Ray           Conj           50%        2d6       2%          2

Your spell library contained the following spells:

 Spells                   Type           Power      Damage    Failure   Level
 Dazzling Flash           Conj/Hex       28%        N/A       13%         3
 Swiftness                Air            4%         N/A       34%         3
 Fulminant Prism          Conj/Hex       7%         3d7       38%         4
 Iskenderun's Mystic Bla  Conj/Tloc      14%        2d5       38%         4
 Airstrike                Air            2%         2d(1-17)  75%         4


Dungeon Overview and Level Annotations

Branches:
Dungeon (2/15)

Altars:

Annotations:
D:2 Sigmund


Message History

You finish putting on your +0 robe.
Things that are here:
a +0 club; 3 stones
There is an escape hatch in the floor here.
Done exploring.
Done exploring.
Done exploring.
Done exploring.
Done exploring.
Done exploring.
Search for what [Enter for "."]? .
As you read the scroll labelled MEIXI MUESS, it crumbles to dust.
You assume a fearsome visage.
Nothing appears to happen.
It was a scroll of fear.
You slide downwards.
The hatch slams shut behind you.
You open the door.
Sigmund the Dreaded comes into view.
He is wielding a +0 scythe.
Sigmund shouts!
The magic dart hits Sigmund.
Sigmund is moderately wounded.
You can't see any susceptible monsters within range! (Use Z to cast anyway.)
Casting: Magic Dart (safe; 1% risk of failure)
Confirm with . or Enter, or press ? or * to list all spells.
Aiming: Searing Ray (safe; 2% risk of failure)
Press: ? - help, Shift-Dir - straight line, f/p - Sigmund
Aim: Sigmund, wielding a +0 scythe and wearing a +0 robe (moderately wounded, 77% to hit)
The searing ray hits Sigmund!
Sigmund is heavily wounded. (Press . to maintain the ray.)
The searing ray hits Sigmund.
Sigmund is severely wounded.
Sigmund hits you from afar with a +0 scythe!
The searing ray hits Sigmund.
Sigmund is almost dead.
The searing ray misses Sigmund.
You finish channelling your searing ray.
Sigmund points at you and mumbles some strange words.
The puff of flame hits you!
Ouch! That really hurt!
You die...

. .. #+#
... #.#
.... #.#
.....
#.###......
#.@.@......
#####......
..... ####


You could see Sigmund.

Vanquished Creatures
  5 giant cockroaches (D:1)
  2 hobgoblins (D:1)
  4 kobolds (D:1)
  2 quokkas (D:1)
  A ball python (D:1)
  2 rats (D:1)
16 creatures vanquished.

Notes
Turn   | Place    | Note
-------+----------+-------------------------------------------
     0 | D:1      | Heoruswealwe the Deep Elf Conjurer began the quest for the
                  | Orb.
     0 | D:1      | Reached XP level 1. HP: 10/10 MP: 6/6
   134 | D:1      | Reached XP level 2. HP: 15/15 MP: 0/8
   141 | D:1      | Learned a level 2 spell: Searing Ray
   462 | D:1      | Learned a level 1 spell: Shock
   718 | D:2      | Noticed Sigmund
   727 | D:2      | Killed from afar by Sigmund

Illustrated notes

Levels and vault maps discovered:
D:1:      spicycebolla_arrival_risky_transporter, layout_basic
D:2:      layout_basic, uniq_natasha, uniq_sigmund

Action                     || total
---------------------------++-------
   Cast: Magic Dart        ||    32
         Searing Ray       ||     1
    Use: Scroll            ||     1
 Armour: Robe              ||     1
  Dodge: Dodged            ||     2
